 Dungeon Crawl Stone Soup version 0.28.0-43-g3370ac3207 (webtiles) character file.

Game seed: 15512600092958220525

30 tizbic2 the Charlatan (level 3, -8/17 (18) HPs)
             Began as a Vine Stalker Artificer on Mar 14, 2022.
             Mangled by Crazy Yiuf
             ... wielding a +4 quarterstaff of chaos
              (10 damage)
             ... on level 2 of the Dungeon.
             The game lasted 00:06:08 (1484 turns).

tizbic2 the Charlatan (Vine Stalker Artificer)      Turns: 1484, Time: 00:06:09

HP:   -8/17 (18)    AC:  5    Str: 16    XL:     3   Next: 20%
MP:   0/15          EV:  6    Int: 11    God:
Gold: 62            SH: 10    Dex: 14    Spells: 5/5 levels left

rFire   . . .      SeeInvis .   h - +0 dagger
rCold   . . .      Faith    .   p - +0 tower shield
rNeg    . . .      Spirit   +   k - +0 ring mail
rPois   .          Reflect  .   (no helmet)
rElec   .          Harm     .   (no cloak)
rCorr   .          Rampage  .   (no gloves)
Will    .....                   (no boots)
Stlth   +.........              (no amulet)
HPRegen 0.05/turn               b - ring of magical power
MPRegen 0.14/turn               (no ring)

@: drained
A: fangs 2, magic shield, antimagic bite, no potion heal 2
a: no special abilities


You were on level 2 of the Dungeon.
You visited 1 branch of the dungeon, and saw 2 of its levels.

You collected 62 gold pieces.

Inventory:

Hand Weapons
 h - a +0 dagger (weapon)
Missiles
 m - 24 bolts
 n - 19 arrows
 o - 23 stones
Armour
 k - a +0 ring mail (worn)
 p - a +0 tower shield (worn)
Jewellery
 b - a ring of magical power (left hand)
Wands
 c - a wand of flame (7) (quivered)
 d - a wand of charming (15)
Scrolls
 f - a scroll of identify {unknown}
 g - a scroll of vulnerability {unknown}
 j - a scroll of holy word {unknown}
Potions
 a - a potion of flight {unknown}
 i - a potion of invisibility {unknown}
 l - a potion of lignification {unknown}
Miscellaneous
 e - a piece from Xom's chessboard (11/15)


   Skills:
 + Level 1.8 Fighting
 - Level 1.5 Armour
 - Level 0.7 Dodging
 - Level 1.2 Stealth
 * Level 0.0 Shields
 + Level 1.5 Spellcasting
 - Level 2.9 Evocations


You had 5 spell levels left.
You didn't know any spells.
Your spell library contained the following spells:

 Spells                   Type           Power      Damage    Failure   Level
 Summon Small Mammal      Summ           0%         N/A       100%        1
 Call Canine Familiar     Summ           0%         N/A       100%        3
 Confusing Touch          Hex            1%         N/A       100%        3
 Summon Guardian Golem    Hex/Summ       0%         N/A       100%        3
 Yara's Violent Unravell  Hex/Tmut       0%         3d3       100%        5
 Enfeeble                 Hex            0%         N/A       100%        7


Dungeon Overview and Level Annotations

Branches:
Dungeon (2/15)

Altars:

Annotations:
D:2 Crazy Yiuf


Innate Abilities, Weirdness & Mutations

You have extremely sharp teeth.
When hurt, damage is shared between your health and your magic reserves.
Your bite disrupts and absorbs the magic of your enemies.
Potions cannot restore your health.


Message History

The puff of flame hits Crazy Yiuf.
Crazy Yiuf is moderately wounded.
Aiming: Throw Flame
Press: ? - help, Shift-Dir - straight line, f/p - Crazy Yiuf
Aim: Crazy Yiuf, wielding a +4 quarterstaff of chaos and wearing a +0 cloak (moderately wounded, 75% to hit)
The puff of flame hits Crazy Yiuf.
Crazy Yiuf is heavily wounded.
You block Crazy Yiuf's attack.
You make a move on Xom's chessboard...
Crazy Yiuf seems to speed up.
Crazy Yiuf hits you with a +4 quarterstaff of chaos!
You feel drained. You block Crazy Yiuf's attack.
Aiming: Throw Flame
Press: ? - help, Shift-Dir - straight line, f/p - Crazy Yiuf
Aim: Crazy Yiuf, wielding a +4 quarterstaff of chaos and wearing a +0 cloak (heavily wounded, fast, 75% to hit)
The puff of flame misses Crazy Yiuf.
Crazy Yiuf hits you with a +4 quarterstaff of chaos.
Aiming: Throw Flame
Press: ? - help, Shift-Dir - straight line, f/p - Crazy Yiuf
Aim: Crazy Yiuf, wielding a +4 quarterstaff of chaos and wearing a +0 cloak (heavily wounded, fast, 75% to hit)
The puff of flame hits Crazy Yiuf.
Crazy Yiuf is severely wounded.
Crazy Yiuf barely misses you.
Crazy Yiuf hits you with a +4 quarterstaff of chaos!
* * * LOW HITPOINT WARNING * * *
You resist with some effort.
Aiming: Throw Flame
Press: ? - help, Shift-Dir - straight line, f/p - Crazy Yiuf
Aim: Crazy Yiuf, wielding a +4 quarterstaff of chaos and wearing a +0 cloak (severely wounded, fast, 75% to hit)
The puff of flame hits Crazy Yiuf.
Crazy Yiuf is severely wounded.
Crazy Yiuf flaps his cloak.
Crazy Yiuf closely misses you.
Aiming: Throw Flame
Press: ? - help, Shift-Dir - straight line, f/p - Crazy Yiuf
Aim: Crazy Yiuf, wielding a +4 quarterstaff of chaos and wearing a +0 cloak (severely wounded, fast, 75% to hit)
The puff of flame misses Crazy Yiuf.
You block Crazy Yiuf's attack.
Crazy Yiuf yells, "Two canine cloud!"
Crazy Yiuf hits you with a +4 quarterstaff of chaos!
Ouch! That really hurt!
You die...

#.#####.#####....#
####.# #.......>#
##..## #....#
#######..# ♣....♣
###### ####.....#
♣♣...♣ .........#
♣♣.♣♣ .###.##..#
♣♣.♣ .........#
♣.♣♣ ####.##.##
♣♣.♣ . #.....#
♣@♣♣ .. #....##
#g# .. #.....# ...
..####...### #...#
.....#.....# #)..#
....)†##.### #####
......##...#
#.....#########
### ####'##
####'#####'####


You could see Crazy Yiuf (fast).

Vanquished Creatures
  2 endoplasms (D:1)
  3 giant cockroaches
  6 goblins
  2 hobgoblins (D:1)
  2 quokkas
  4 ball pythons (D:1)
  3 bats (D:1)
  A frilled lizard (D:1)
  5 rats (D:1)
28 creatures vanquished.

Notes
Turn   | Place    | Note
-------+----------+-------------------------------------------
     0 | D:1      | tizbic2 the Vine Stalker Artificer began the quest for the
                  | Orb.
     0 | D:1      | Reached XP level 1. HP: 9/9 MP: 2/2
    17 | D:1      | Reached skill level 1 in Fighting
   363 | D:1      | Reached XP level 2. HP: 7/14 MP: 0/4
   571 | D:1      | Reached skill level 1 in Spellcasting
  1082 | D:1      | Reached XP level 3. HP: 18/18 MP: 6/6
  1473 | D:2      | Found a runed translucent door.
  1474 | D:2      | Noticed Crazy Yiuf
  1484 | D:2      | Mangled by Crazy Yiuf

Illustrated notes

Levels and vault maps discovered:
D:1:      dpeg_arrival_simpleton_c, layout_loops_ring
D:2:      layout_basic, ebering_ecumenical_altar_sacrificial,
          uniq_crazy_yiuf_cottage

Skill      XL: |  1  2 |
---------------+-------+-----
Fighting       | 1 |  1.8
Spellcasting   | 1 |  1.5
Armour         | |  1.5
Dodging        | |  0.7
Stealth        | |  1.2
Evocations     | |  2.9

Action                   || total
-------------------------++-------
Melee: Club              ||    20
       Bite              ||    18
       Dagger            ||    63
Evoke: Piece from Xom's  ||     6
       Wand              ||     8
 Stab: Sleeping          ||     2
Armor: Leather armour    ||    16
       Ring mail         ||    25
Dodge: Dodged            ||    55
Block: Tower shield      ||     3
